 Dungeon Crawl Stone Soup version 0.19-a0-1720-gc855d72 (webtiles) character file.

24486 Amnesiac the Bewitcher (level 12, -3/94 HPs)
             Began as a Vampire Enchanter on Sept 29, 2016.
             Was an Initiate of Gozag.
             Killed from afar by a deep elf mage (20 damage)
             ... with an orb of energy
             ... on level 1 of the Elven Halls.
             The game lasted 00:38:55 (13497 turns).

Amnesiac the Bewitcher (Vampire Enchanter)         Turns: 13497, Time: 00:38:56

Health: -3/94      AC: 11    Str:  7    XL:     12   Next: 81%
Magic:  16/22      EV: 23    Int: 20    God:    Gozag
Gold:   987        SH:  0    Dex: 19    Spells: 7 memorised, 6 levels left

rFire  . . .     SeeInvis +     s - +1 dagger (elec)
rCold  + + +     Gourm    .     L - +1 robe {MR+}
rNeg   + + +     Faith    .     (no shield)
rPois  ∞         Spirit   .     n - +0 helmet
rElec  +         Dismiss  .     O - +2 cloak
rCorr  .         Reflect  .     j - +1 pair of gloves
MR     ++...     Harm     .     (no boots)
Stlth  ++++++....               (no amulet)
                                G - +2 ring of intelligence
                                E - ring of protection from cold

@: gold aura, very slightly contaminated, bloodless, non-regenerating, studying
Fighting, invisible
A: fangs 3, see invisible, shaggy fur 1, electricity resistance, unbreathing
a: Bat Form, Potion Petition, Call Merchant, Bribe Branch, Renounce Religion


You were on level 1 of the Elven Halls.
You worshipped Gozag.
Gozag was pleased with you.
You were bloodless.

You visited 4 branches of the dungeon, and saw 14 of its levels.

You collected 3728 gold pieces.
You spent 2228 gold pieces at shops.
You paid 513 gold pieces to Gozag.

Inventory:

Hand Weapons
 o - a +2 dagger of chaos
 s - a +1 dagger of electrocution (weapon)
Missiles
 A - 2 throwing nets (quivered)
Armour
 j - a +1 pair of gloves (worn)
 k - the +1 robe "Wibb" {rElec Regen+ Int-3}
   (You found it on level 5 of the Dungeon)

   It affects your intelligence (-3).
   It insulates you from electricity.
   It increases your rate of regeneration.
 n - a +0 helmet (worn)
 L - a +1 robe of magic resistance (worn)
 M - a +1 robe of resistance
 O - a +2 cloak (worn)
Jewellery
 x - an uncursed ring of resist corrosion
 E - a ring of protection from cold (left hand)
 G - a +2 ring of intelligence (right hand)
Wands
 a - a wand of teleportation (5/9)
 D - a wand of digging (21/24)
Scrolls
 b - a scroll of fog
 f - a scroll of torment
 l - 2 scrolls of amnesia
 m - a scroll of fear
 p - 3 scrolls of remove curse
 q - 3 scrolls of teleportation
 J - 3 scrolls of blinking
Potions
 d - 2 potions of flight
 g - a potion of experience
 h - 2 potions of haste
 i - 7 potions of curing
 t - a potion of cancellation
 u - a potion of mutation
 v - a potion of brilliance
 w - a potion of magic
 z - 4 potions of heal wounds
 B - a potion of resistance
Books
 c - a book of Maledictions

   Spells                             Type                      Level
   a - Corona                         Hexes                        1
   b - Ensorcelled Hibernation        Hexes/Ice                    2
   c - Confuse                        Hexes                        3
   d - Tukima's Dance                 Hexes                        3
   e - Dazzling Spray                 Conjuration/Hexes            3
 e - a book of Party Tricks

   Spells                             Type                      Level
   a - Summon Butterflies             Summoning                    1
   b - Apportation                    Translocation                1
   c - Tukima's Dance                 Hexes                        3
   d - Alistair's Intoxication        Transmutation/Poison         5
   e - Invisibility                   Hexes                        6
 r - a manual of Fighting
 y - a Necronomicon

   Spells                             Type                      Level
   a - Haunt                          Necromancy/Summoning         7
   b - Borgnjor's Revivification      Necromancy                   8
   c - Death's Door                   Charms/Necromancy            8
   d - Infestation                    Necromancy                   8
   e - Necromutation                  Transmutation/Necromancy     8
 I - a book of the Tempests

   Spells                             Type                      Level
   a - Static Discharge               Conjuration/Air              3
   b - Lightning Bolt                 Conjuration/Air              5
   c - Fireball                       Conjuration/Fire             5
   d - Tornado                        Air                          9
   e - Shatter                        Earth                        9
 K - a book of Alchemy

   Spells                             Type                      Level
   a - Sublimation of Blood           Necromancy                   2
   b - Ignite Poison                  Fire/Transmutation/Poison    3
   c - Petrify                        Transmutation/Earth          4
   d - Alistair's Intoxication        Transmutation/Poison         5
   e - Irradiate                      Conjuration/Transmutation    5


   Skills:
 + Level 8.5 Fighting
 - Level 8.0 Short Blades
 - Level 13.1 Dodging
 - Level 10.0 Stealth
 - Level 7.0 Spellcasting
 - Level 15.1 Hexes


You had 6 spell levels left.
You knew the following spells:

 Your Spells              Type           Power        Failure   Level  Hunger
b - Dazzling Spray        Conj/Hex       #####.       1%          3    #......
c - Invisibility          Hex            ######..     3%          6    ######.
d - Summon Butterflies    Summ           #.......     12%         1    None
e - Confuse               Hex            ######..     1%          3    #......
f - Ensorcelled Hibernat  Hex/Ice        #####.       1%          2    None
g - Apportation           Tloc           #.........   12%         1    None
w - Tukima's Dance        Hex            ######..     1%          3    #......


Dungeon Overview and Level Annotations

Branches:
Dungeon (10/15)            Temple (1/1) D:6            Lair (0/6) D:10
    Orc (2/2) D:10            Elf (1/3) Orc:2

Altars:
Ashenzari
Cheibriados
Dithmenos
Elyvilon
Fedhas
Gozag
Hepliaklqana
Kikubaaqudgha
Makhleb
Nemelex Xobeh
Okawaru
Qazlal
Ru
Sif Muna
Trog
Uskayaw
Vehumet
Xom
Yredelemnul
Zin
The Shining One
Beogh

Shops:
D:7 :   D:9 *   Orc:2 =*??(   Elf:1 *


Innate Abilities, Weirdness & Mutations

You do not heal naturally.
You are immune to poison.
You have razor-sharp teeth.
You have supernaturally acute eyesight. (SInv)
You can survive without breathing.
You are covered in fur. (AC +1)
You are resistant to electric shocks. (rElec)


Message History

The battlesphere fires!
The barrage of energy hits you!
* * * LOW HITPOINT WARNING * * *
You hit the water elemental. Your bite misses the water elemental.
The water elemental is moderately damaged.
The water elemental barely misses you.
Unknown command.
You hit the water elemental.
The water elemental is moderately damaged.
The water elemental closely misses you.
You hit the water elemental.
The water elemental is moderately damaged.
Unknown command.
You closely miss the water elemental.
The water elemental is moderately damaged.
The water elemental completely misses you.
The deep elf mage gestures at the water elemental while chanting.
The orb of energy hits the water elemental.
The orb of energy explodes!
The mystic blast hits you!
You die...
Your body crumbles into a pile of gold.

..#.....#.##.#.### ##.##
####. ...######.##.###
#####.####....
.........##+#
#........#.###
.########...##
#.###.##.#.... ##.....##
#.###.# ^####. ##.......##
#.#...# .# #.
#.........###....###.####.
+.....*...'...............
#....bb..@###....###.#####
#....e.E## #........# #..
##.....## ####.##### #.#
##...## #..# #.. ##'##
##.# #. #...### #.# . #
#..###b.### #b# #. #..##
###..######.# .#.
##b.......#


You could see a water elemental (wandering), a deep elf mage and a battlesphere.

Vanquished Creatures
  An ettin (Orc:2)
  A deep elf high priest (Elf:1)
  Erolcha (Orc:1)
  The ghost of DEFE the Skirmisher, a novice DsBe of Trog (D:10)
  3 orc high priests (Orc:2)
  A deep elf knight (Elf:1)
  A hill giant (D:10)
  4 orc knights (Orc:2)
  8 deep elf magi (Elf:1)
  5 orc sorcerers (Orc:2)
  A gargoyle (D:10)
  2 two-headed ogres
  4 trolls
  An air elemental (Elf:1)
  A wyvern (D:10)
  A water elemental (Elf:1)
  A spriggan (D:7)
  A basilisk (D:10)
  9 yaks (D:10)
  A warg (Orc:2)
  Menkaure (D:4)
  The ghost of KristoblXynda the Poker, an amateur CeGl (D:3)
  21 orc warriors
  A porcupine (D:10)
  2 sky beasts
  A necrophage (D:10)
  A phantom (D:6)
  A black bear (D:8)
  7 ogres
  7 centaurs
  5 crocodiles (D:10)
  2 big kobolds (D:10)
  A gnoll sergeant (D:6)
  5 bullfrogs
  An earth elemental (Elf:1)
  A water moccasin skeleton (D:9)
  2 wyvern zombies (D:9)
  A wyvern skeleton (D:9)
  A killer bee (D:10)
  2 scorpions
  4 howler monkeys
  8 wights
  6 crimson imps
  3 bullfrog zombies
  A quasit (D:8)
  4 jellies
  10 orc priests
  6 hounds
  A bullfrog skeleton (D:9)
  An iguana (D:9)
  Crazy Yiuf (D:2)
  A centaur skeleton (D:8)
  17 orc wizards
  Terence (D:3)
  Ijyb (D:3)
  Natasha (twice) (D:2)
  6 worker ants
  2 hound skeletons (D:4)
  A worker ant zombie (D:7)
  8 adders
  20 gnolls
  5 river rats (D:10)
  4 shadow imps
  2 oozes (D:4)
  An adder skeleton (D:4)
  3 worms
  2 dart slugs
  5 leopard geckos
  77 orcs
  3 giant cockroaches
  9 hobgoblins
  4 jackals (D:8)
  A quokka (D:3)
  3 bats
  12 frilled lizards
  9 goblins
  18 kobolds
  A quokka zombie (D:7)
  2 rats
  A spectral orc (D:8)
378 creatures vanquished.

Vanquished Creatures (others)
  2 dancing weapons (Elf:1)
  A deep elf knight (Elf:1)
  A deep elf mage (Elf:1)
  An orc priest (Orc:2)
  An orc wizard (Orc:2)
  2 orcs
  A fungus (D:10)
  6 plants (D:10)
15 creatures vanquished.

Grand Total: 393 creatures vanquished

Notes
Turn   | Place    | Note
-------+----------+-------------------------------------------
     0 | D:1      | Amnesiac the Vampire Enchanter began the quest for the Orb.
     0 | D:1      | Reached XP level 1. HP: 13/13 MP: 3/3
   196 | D:2      | Reached XP level 2. HP: 11/19 MP: 5/5
   351 | D:3      | Found a burning altar of Makhleb.
   351 | D:3      | Noticed Ijyb
   370 | D:3      | Reached skill level 5 in Stealth
   422 | D:3      | Found a faded altar of an unknown god.
   509 | D:3      | Noticed a centaur
   607 | D:4      | Reached XP level 3. HP: 24/24 MP: 6/6
   612 | D:4      | Learned a level 3 spell: Confuse
   741 | D:4      | Learned a level 2 spell: Ensorcelled Hibernation
   748 | D:4      | Reached skill level 5 in Hexes
   779 | D:4      | Reached XP level 4. HP: 28/30 MP: 3/7
   965 | D:4      | Noticed Menkaure
   997 | D:5      | Entered Level 5 of the Dungeon
  1062 | D:5      | Noticed a centaur
  1066 | D:5      | Killed a centaur
  1066 | D:5      | Reached skill level 6 in Hexes
  1066 | D:5      | Reached XP level 5. HP: 16/35 MP: 7/9
  1079 | D:5      | Noticed an ogre
  1095 | D:5      | Noticed a centaur
  1360 | D:3      | Killed a centaur
  1360 | D:3      | Reached XP level 6. HP: 41/41 MP: 10/10
  1491 | D:4      | Killed Menkaure
  1496 | D:4      | Learned a level 3 spell: Dazzling Spray
  1780 | D:5      | Reached skill level 7 in Hexes
  2373 | D:5      | Noticed a sky beast
  2458 | D:5      | Got a smoking robe
  2484 | D:5      | Found a shimmering altar of Xom.
  2621 | D:5      | Reached XP level 7. HP: 16/46 MP: 2/12
  2868 | D:5      | Learned a level 3 spell: Tukima's Dance
  2870 | D:5      | Learned a level 1 spell: Summon Butterflies
  2925 | D:5      | Reached skill level 8 in Hexes
  3256 | D:6      | Reached XP level 8. HP: 41/52 MP: 13/13
  3261 | D:6      | Learned a level 1 spell: Apportation
  3641 | D:6      | Identified the +1 robe "Wibb" {rElec Regen+ Int-3} (You found it on level 5 of the Dungeon)
  3835 | D:6      | Found a staircase to the Ecumenical Temple.
  3845 | Temple   | Entered the Ecumenical Temple
  4064 | Temple   | Became a worshipper of Gozag Ym Sagoz the Greedy
  4089 | D:6      | Reached skill level 9 in Hexes
  4490 | D:3      | Found a bloodstained altar of Trog.
  4564 | D:3      | Noticed KristoblXynda's ghost (amateur CeGl)
  4573 | D:3      | Killed KristoblXynda's ghost
  4603 | D:3      | Killed Ijyb
  4715 | D:3      | Noticed Terence
  4720 | D:3      | Killed Terence
  5185 | D:1      | Reached skill level 10 in Stealth
  5392 | D:2      | Reached skill level 5 in Dodging
  5436 | D:2      | Noticed Natasha
  5443 | D:2      | Killed Natasha
  5706 | D:2      | Noticed Natasha
  5716 | D:2      | Killed Natasha
  5851 | D:2      | You fall through a shaft!
  5937 | D:2      | Found a runed door.
  6042 | D:2      | Noticed Crazy Yiuf
  6046 | D:2      | Killed Crazy Yiuf
  6296 | D:7      | Reached skill level 10 in Hexes
  6356 | D:7      | Reached XP level 9. HP: 48/57 MP: 14/16
  6429 | D:7      | Reached skill level 5 in Spellcasting
  6466 | D:7      | Found Rarawitz's Book Boutique.
  6536 | D:7      | Found a stormy altar of Qazlal.
  6537 | D:7      | Found a blossoming altar of Fedhas.
  6934 | D:7      | Learned a level 6 spell: Invisibility
  7240 | D:8      | Reached skill level 11 in Hexes
  7304 | D:8      | Found a basalt altar of Yredelemnul.
  7353 | D:8      | Reached skill level 12 in Hexes
  7809 | D:9      | Reached skill level 13 in Hexes
  8060 | D:9      | Found Eraoseno's Island Escapes.
  8075 | D:9      | Reached XP level 10. HP: 21/63 MP: 14/20
  8164 | D:9      | Found a shadowy altar of Dithmenos.
  8542 | D:9      | Bought a scroll of blinking for 112 gold pieces
  8566 | D:10     | Entered Level 10 of the Dungeon
  8566 | D:10     | Found a roughly hewn altar of Beogh.
  8566 | D:10     | Found a staircase to the Orcish Mines.
  8587 | D:10     | Reached skill level 14 in Hexes
  8712 | D:10     | Noticed DEFE's ghost (novice DsBe)
  9001 | D:10     | Reached skill level 15 in Hexes
  9015 | D:10     | Reached skill level 5 in Short Blades
  9057 | D:10     | Reached skill level 1 in Fighting
  9092 | D:10     | Found a staircase to the Lair.
  9245 | D:10     | Killed DEFE's ghost
  9288 | D:10     | Noticed a hill giant
  9396 | D:10     | Killed a hill giant
  9396 | D:10     | Reached XP level 11. HP: 75/75 MP: 21/21
  9985 | Orc:1    | Entered Level 1 of the Orcish Mines
 10296 | Orc:1    | Noticed Erolcha
 10311 | Orc:1    | Killed Erolcha
 10818 | Orc:2    | Entered Level 2 of the Orcish Mines
 10839 | Orc:2    | Noticed an ettin
 10857 | Orc:2    | Noticed an orc sorcerer
 10947 | Orc:2    | Noticed an orc sorcerer
 11066 | Orc:2    | Killed an orc sorcerer
 11066 | Orc:2    | Reached skill level 10 in Dodging
 11173 | Orc:2    | Killed an ettin
 11237 | Orc:2    | Killed an orc sorcerer
 11425 | Orc:2    | Found a staircase to the Elven Halls.
 11429 | Orc:2    | Noticed an orc knight
 11466 | Orc:2    | Noticed an orc high priest
 11479 | Orc:2    | Killed an orc knight
 11487 | Orc:2    | Killed an orc high priest
 11685 | Orc:2    | Noticed an orc sorcerer
 11689 | Orc:2    | Killed an orc sorcerer
 11717 | Orc:2    | Noticed an orc high priest
 11718 | Orc:2    | Noticed a sixfirhy
 11721 | Orc:2    | Noticed a sun demon
 11987 | Orc:2    | Noticed an orc knight
 11998 | Orc:2    | Noticed an orc knight
 12006 | Orc:2    | Noticed an orc sorcerer
 12006 | Orc:2    | Noticed an orc knight
 12012 | Orc:2    | Noticed an orc high priest
 12012 | Orc:2    | Killed an orc knight
 12012 | Orc:2    | Reached XP level 12. HP: 52/81 MP: 12/22
 12017 | Orc:2    | Killed an orc high priest
 12311 | Orc:2    | Killed an orc high priest
 12342 | Orc:2    | Found Xigenara's Assorted Antiques.
 12342 | Orc:2    | Found Utit's Magic Scroll Boutique.
 12346 | Orc:2    | Found Kalleczady's Antique Weapon Boutique.
 12346 | Orc:2    | Found Kaperr's Magic Scroll Shoppe.
 12392 | Orc:2    | Bought a scroll labeled OXEFUE GATOLA for 33 gold pieces
 12392 | Orc:2    | Bought a bronze wand for 132 gold pieces
 12392 | Orc:2    | Bought an embroidered cloak for 148 gold pieces
 12392 | Orc:2    | Bought a fuming pink potion for 29 gold pieces
 12392 | Orc:2    | Bought a scorched amber ring for 165 gold pieces
 12410 | Orc:2    | Gained mutation: You are covered in fur. (AC +1) [potion of beneficial mutation]
 12411 | Orc:2    | Gained mutation: You are resistant to electric shocks. (rElec) [potion of beneficial mutation]
 12414 | Orc:2    | Bought a scroll of torment for 112 gold pieces
 12417 | Orc:2    | Bought a scroll of holy word for 112 gold pieces
 12418 | Orc:2    | Bought a scroll of acquirement for 780 gold pieces
 12475 | Orc:2    | Identified the ring "Zak Ocaggy" {*Slow rPois rC+++ Slay-3 Stlth+} (You bought it in a shop on level 2 of the Orcish Mines)
 12560 | D:9      | Bought a wand of teleportation (5/9) for 405 gold pieces
 12642 | Elf:1    | Entered Level 1 of the Elven Halls
 12731 | Elf:1    | Reached skill level 5 in Fighting
 13066 | Elf:1    | Noticed a deep elf high priest
 13084 | Elf:1    | Killed a deep elf high priest
 13157 | Elf:1    | Found Foubia's Assorted Antiques.
 13159 | Elf:1    | Bought a fuming blue potion for 36 gold pieces
 13159 | Elf:1    | Bought a scroll of identify for 82 gold pieces
 13160 | Elf:1    | Bought a scroll of identify for 82 gold pieces
 13322 | Elf:1    | Found a ruined gateway.
 13322 | Elf:1    | Noticed an angel
 13323 | Elf:1    | Noticed an angel
 13344 | Elf:1    | Found a glowing golden altar of the Shining One.
 13344 | Elf:1    | Found a white marble altar of Elyvilon.
 13346 | Elf:1    | Found a glowing silver altar of Zin.
 13423 | Elf:1    | Found a deep blue altar of Sif Muna.
 13497 | Elf:1    | Killed from afar by a deep elf mage

Vault maps used:
D:1:      noname_arrival_rooms_in_the_neighbourhood, minmay_lizard_king
D:2:      uniq_crazy_yiuf_cottage, uniq_natasha
D:3:      nicolae_overflow_hidden_temple, lemuel_round_altar,
          ecumenical_altar_1, serial_glass, glass_columns_a, glass_columns_a,
          uniq_terence, uniq_iyjb
D:4:      first_bread, uniq_menkaure
D:5:      led_xom_imps
D:7:      grunt_temple_overflow_forces_of_nature, serial_shops,
          nicolae_shop_waterfront, the_bakery
D:8:      yredelemnul_forgotten_temple_becter, minmay_misc_feat_four_crosses
D:9:      kennysheep_mini, nicolae_island_escapes
D:10:     minmay_lair_entry_grove, david_orc_5, nooodl_food_tri
Temple:   regret_index_temple_generic_petals
Orc:1:    small_statue_alley_c, uniq_erolcha
Orc:2:    grunt_orc_tribal_feast
Elf:1:    serial_shops, nicolae_shop_trees, basic_altar,
          portal_desolation_entry_holy_temple, kennysheep_underground_church

Skill      XL: |  1  2  3  4  5  6  7  8  9 10 11 12 |
---------------+-------------------------------------+-----
Stealth        | 5 6 7 8 10 | 10.0
Hexes          | 5 6 7 8 10 13 15 | 15.1
Dodging        | 3 4 5 12 13 | 13.1
Short Blades   | 2 3 4 7 8 |  8.0
Spellcasting   | 3 4 6 7 |  7.0
Fighting       | 3 8 |  8.5

Action                   |  1- 3 |  4- 6 |  7- 9 | 10-12 || total
-------------------------+-------+-------+-------+-------++-------
Melee: Dagger            |    95 |    58 |   423 |   545 ||  1121
       Bite              |    13 |    12 |    28 |    44 ||    97
       Unarmed           |       |    14 |       |       ||    14
 Cast: Confuse           |     1 |    13 |     8 |    48 ||    70
       Ensorcelled Hiber |       |    19 |    80 |    67 ||   166
       Dazzling Spray    |       |     1 |       |     8 ||     9
       Invisibility      |       |       |     3 |    17 ||    20
       Tukima's Dance    |       |       |       |     7 ||     7
       Summon Butterflie |       |       |       |     1 ||     1
Invok: Call Merchant     |       |       |       |     1 ||     1
 Abil: End Transformatio |       |     2 |       |     3 ||     5
       Bat Form          |       |     2 |       |     3 ||     5
  Use: Potion            |     4 |     1 |     2 |     4 ||    11
       Scroll            |       |     5 |    13 |    12 ||    30
 Stab: Sleeping          |     7 |    13 |    70 |    53 ||   143
       Confused          |     1 |     4 |     7 |    22 ||    34
       Distracted        |       |       |     2 |     2 ||     4
       Invisible         |       |       |     9 |    42 ||    51
Armor: Robe              |    13 |    15 |    71 |    74 ||   173
Dodge: Dodged            |    50 |    61 |   260 |   349 ||   720
